 Dungeon Crawl Stone Soup version 0.16-a0-3926-g4728e1c (webtiles) character file.

60449 HungrySpirit the Destroyer (level 14, 0/105 HPs)
             Began as a Demigod Conjurer on Feb 4, 2015.
             Slain by a black mamba (18 damage)
             ... on level 8 of the Lair of Beasts on Feb 5, 2015.
             The game lasted 02:07:26 (35757 turns).

HungrySpirit the Destroyer (Demigod Conjurer)      Turns: 35757, Time: 02:07:27

Health: 0/105      AC: 13    Str: 11    XL:     14   Next: 21%
Magic:  1/34       EV: 13    Int: 27    God:
Gold:   910        SH:  0    Dex: 11    Spells: 8 memorised, 8 levels left

rFire  . . .     SeeInvis +     G - +1 quarterstaff
rCold  . . .     Clarity  .     g - +2 leather armour {rPois}
rNeg   + . .     SustAb   +     (no shield)
rPois  +         Gourm    .     H - +0 helmet (curse)
rElec  .         Spirit   .     q - +0 cloak {MR+}
rCorr  .         Warding  .     p - +0 pair of gloves of the Echidna {rN+ Dex-5 Slay+6 SInv}
rMut   .         Stasis   .     k - +0 pair of boots
MR     ++...                    (no amulet)
Stlth  ++........               v - +4 ring of protection
                                D - ring of wizardry

@: very slightly contaminated, regenerating, repel missiles, very resistant to
hostile enchantments, unstealthy
A: sustain abilities
a: no special abilities


You were on level 8 of the Lair of Beasts.
You were not hungry.

You visited 2 branches of the dungeon, and saw 19 of its levels.
You also visited: Labyrinth, Ossuary and Ice Cave.

You collected 910 gold pieces.

Inventory:

Hand weapons
 G - a +1 quarterstaff (weapon)
Missiles
 C - a throwing net (quivered)
Armour
 g - a +2 leather armour of poison resistance (worn)
 k - a +0 pair of boots (worn)
 p - the +0 pair of gloves of the Echidna (worn) {rN+ Dex-5 Slay+6 SInv}
   (You found it on level 8 of the Dungeon)

   It affects your dexterity (-5).
   It affects your accuracy and damage with ranged weapons and melee attacks
   (+6).
   It protects you from negative energy.
   It enhances your eyesight.
 q - a +0 cloak of magic resistance (worn)
 y - a +3 leather armour of fire resistance
 H - a cursed +0 helmet (worn)
Rods
 T - a +4 rod of ignition (10/10)
   (You found it in a labyrinth)
Jewellery
 f - a cursed amulet of regeneration
 i - an uncursed ring of flight
 v - a +4 ring of protection (right hand)
 A - an uncursed ring of see invisible
 D - a ring of wizardry (left hand)
 U - an uncursed ring of positive energy
 W - an uncursed ring of protection from cold
 X - an uncursed ring of fire
Magical devices
 d - a wand of teleportation (4)
 m - a wand of digging (16)
 F - a wand of disintegration (10)
 P - a wand of draining (8)
Scrolls
 a - 4 scrolls of amnesia
 e - a scroll of teleportation
 h - 4 scrolls of recharging
 j - a scroll of blinking
 l - 5 scrolls of remove curse
 o - a scroll of noise
 r - a scroll of fear
 w - a scroll of immolation
 x - 7 scrolls of identify
 z - a scroll of enchant weapon
 B - 4 scrolls of fog
Potions
 n - 2 potions of resistance
 s - a potion of flight
 E - 11 potions of curing
 I - 2 potions of agility
 J - a potion of lignification
 L - a potion of restore abilities
 V - 3 potions of might
 Y - 3 potions of brilliance
Books
 c - a book of Conjurations

   Spells                             Type                      Level
   a - Magic Dart                     Conjuration                  1
   b - Searing Ray                    Conjuration                  2
   c - Dazzling Spray                 Conjuration/Hexes            3
   d - Fulminant Prism                Conjuration/Hexes            4
   e - Iskenderun's Mystic Blast      Conjuration                  4
   f - Iskenderun's Battlesphere      Conjuration/Charms           5
 Q - a book of Battle

   Spells                             Type                      Level
   a - Infusion                       Charms                       1
   b - Shroud of Golubria             Charms/Translocation         2
   c - Song of Slaying                Charms                       2
   d - Spectral Weapon                Hexes/Charms                 3
   e - Regeneration                   Charms/Necromancy            3
 R - a book of Air

   Spells                             Type                      Level
   a - Shock                          Conjuration/Air              1
   b - Swiftness                      Charms/Air                   2
   c - Repel Missiles                 Charms/Air                   2
   d - Flight                         Charms/Air                   3
   e - Static Discharge               Conjuration/Air              3
   f - Lightning Bolt                 Conjuration/Air              5
Miscellaneous
 O - a crystal ball of energy
Comestibles
 b - 7 bread rations
 t - 2 meat rations
 u - a poisonous chunk of flesh
 K - 2 slices of pizza
 M - 16 royal jellies
 N - 5 chunks of flesh


   Skills:
 + Level 4.5 Fighting
 - Level 7.1 Staves
 - Level 5.0 Dodging
 - Level 1.7 Stealth
 + Level 10.3 Spellcasting
 + Level 12.7 Conjurations
 - Level 7.4 Charms
 - Level 2.1 Necromancy
 - Level 9.0 Air Magic
 + Level 9.1 Evocations


You had 8 spell levels left.
You knew the following spells:

 Your Spells              Type           Power        Failure   Level  Hunger
a - Shock                 Conj/Air       ####         1%          1    None
b - Searing Ray           Conj           ######       1%          2    None
c - Iskenderun's Battles  Conj/Chrm      ######..     1%          5    ####...
d - Iskenderun's Mystic   Conj           ######..     1%          4    None
e - Mephitic Cloud        Conj/Pois/Air  ######..     1%          3    None
f - Lightning Bolt        Conj/Air       ######....   1%          5    ####...
g - Repel Missiles        Chrm/Air       ######       1%          2    None
h - Regeneration          Chrm/Necr      #####.....   1%          3    None


Dungeon Overview and Level Annotations

Branches:
Dungeon (11/15)            Temple (0/1) D:7            Lair (8/8) D:11
  Swamp (0/5) Lair:6        Snake (0/5) Lair:4        Slime (0/6) Lair:6
    Orc: D:9-12

Shops:
D:5 }

Annotations:
D:10 exclusion: oklob plant
Lair:5 Rupert
Lair:8 Harold


Innate Abilities, Weirdness & Mutations

Your attributes are resistant to harm.


Message History

The zap hits the fungus.
The fungus is moderately damaged.
The black mamba completely misses you.
Unknown command.
Unknown command.
You feel sick.
The black mamba bites you but does no damage.
Unknown command.
Unknown command.
Evoke which item? (* to show all) (? for menu, Esc to quit)
You gaze into the crystal ball.
You feel your power drain away! The black mamba bites you!
* * * LOW HITPOINT WARNING * * *
The black mamba bites you.
* * * LOW HITPOINT WARNING * * *
You are more poisoned.
The black mamba poisons you!
Drink which item? (? for menu, Esc to quit)
You feel better. The black mamba bites you!!
You die...

#.##,###...########,,,,***,,,
###,,,,###..##..##,,,***,,,,,
**,,,,,####!...#,***,,,,,,,
*,,,,,,,,,.P..#**,,,,,,,,,
*,,,,,,,,,....#**,,,,,,,,,
**,,,,,####....#,***,,,,,,,
****,,,,**#(.....#*,,,***,,,,,
****,,**,**#...#S.###*,,,,,***,,,
,**,,,,**#...S##@##**,,*,,,,,***,
,,,,,,,,.....##..#,,*,,**,,,,,,,,
,,,,,,,,....##=.##,,**,,**,,,,,,,
,,,*,,,,,..##...*,,,,*,,,**,,,,,,
*,***,,,,,##...#*,,,,**,,,**,,,,,
*** *,,,**#....*,,,,,,*,,,,***,,*
**,,,**,...#*,,,,,,**,,,,**,,*
*,,,,,,,,..*,,,,,,,,*,,,,,,,**
***,,,,,,,**,,,,,,,,**,,,,,**


You could see a black mamba.

Vanquished Creatures
  Maud (Lair:8)
  A minotaur (Lab)
  6 hydras
  10 death yaks
  A hill giant (D:9)
  3 griffons
  A wolf spider (Lair:8)
  A manticore (D:11)
  5 black mambas
  18 elephants
  16 spiny frogs
  2 torpor snails (Lair:4)
  6 komodo dragons
  A queen bee (Lair:4)
  4 trolls
  A polar bear (Lair:4)
  5 fire drakes
  12 blink frogs
  2 two-headed ogres
  6 basilisks (Lair:5)
  A shadow (D:11)
  A wraith (D:11)
  A deep elf mage (D:10)
  Eustachio (D:6)
  8 wyverns (Lair:5)
  42 yaks
  2 hungry ghosts
  A naga (Lair:4)
  14 hippogriffs
  A hell hound (Lair:5)
  19 water moccasins
  17 porcupines
  3 sky beasts
  11 wolves
  5 ice beasts
  4 orc warriors
  A phantom (D:8)
  A wasp (Lair:8)
  4 spiders (Lair:8)
  2 black bears
  A boring beetle (Lair:7)
  2 necrophages
  7 ogres
  14 crocodiles
  3 centaurs
  Blork the orc (D:7)
  24 giant frogs
  2 big kobolds
  A scorpion (D:5)
  A water moccasin skeleton (D:7)
  A water moccasin zombie (Ossuary)
  4 wights (D:8)
  31 killer bees
  A goliath beetle (D:11)
  5 crimson imps
  6 orc priests
  12 hounds
  2 jellies (Lair:6)
  Crazy Yiuf (D:7)
  3 centaur skeletons
  3 giant frog skeletons
  16 iguanas
  12 orc wizards
  10 worker ants
  A killer bee zombie (D:5)
  11 sheep
  Ijyb (D:5)
  Jessica (D:2)
  A hound zombie (D:5)
  2 big kobold zombies (Ossuary)
  A hound skeleton (D:4)
  2 mummies (Ossuary)
  Robin (D:2)
  31 adders
  7 gnolls
  58 river rats
  2 shadow imps
  2 worms
  4 giant mites
  4 adder skeletons
  5 adder zombies
  9 giant geckos
  2 oozes (Lair:6)
  48 orcs
  2 ball pythons
  5 bats
  A bat skeleton (D:5)
  2 bat zombies (D:7)
  3 giant cockroaches
  2 gnoll zombies (Ossuary)
  18 goblins
  11 hobgoblins
  5 jackals
  23 kobolds
  16 quokkas
  6 hobgoblin zombies (Ossuary)
  A kobold zombie (Ossuary)
  6 orc zombies (Ossuary)
  16 rats
  15 ballistomycetes (D:8)
  A bush (Lair:4)
  A butterfly (Lair:1)
  4 fungi
  4 plants
739 creatures vanquished.

Vanquished Creatures (others)
  2 blink frogs (Lair:6)
  A crocodile (Lair:6)
  An iguana (Lair:6)
  3 giant spores (D:8)
  21 fungi
  22 plants
50 creatures vanquished.

Grand Total: 789 creatures vanquished

Notes
Turn   | Place    | Note
--------------------------------------------------------------
     0 | D:1      | HungrySpirit, the Demigod Conjurer, began the quest for the Orb.
     0 | D:1      | Reached XP level 1. HP: 14/14 MP: 3/3
   646 | D:1      | Reached XP level 2. HP: 20/22 MP: 5/5
   676 | D:1      | Learned a level 2 spell: Searing Ray
   795 | D:1      | Reached skill level 1 in Fighting
  1082 | D:2      | Noticed Jessica
  1087 | D:2      | Killed Jessica
  1087 | D:2      | Reached XP level 3. HP: 24/28 MP: 0/8
  1419 | D:2      | Noticed Robin
  1560 | D:2      | Killed Robin
  1560 | D:2      | Reached skill level 4 in Conjurations
  1826 | D:2      | Reached XP level 4. HP: 35/35 MP: 6/11
  2480 | D:3      | Reached XP level 5. HP: 37/41 MP: 12/14
  2487 | D:3      | Learned a level 5 spell: Iskenderun's Battlesphere
  2750 | D:3      | Reached skill level 1 in Charms
  3031 | D:3      | Found a deep blue altar of Sif Muna.
  3095 | D:3      | Found a shattered altar of Ashenzari.
  3105 | D:3      | Found a stormy altar of Qazlal.
  3608 | D:3      | Found a glowing silver altar of Zin.
  4135 | D:4      | Reached XP level 6. HP: 38/48 MP: 7/17
  4662 | D:4      | Reached skill level 5 in Conjurations
  4668 | D:4      | Learned a level 4 spell: Iskenderun's Mystic Blast
  5361 | D:5      | Entered Level 5 of the Dungeon
  5443 | D:5      | Found Prabb's Gadget Boutique.
  5461 | D:5      | Reached XP level 7. HP: 55/55 MP: 12/20
  5966 | D:5      | Noticed Ijyb
  5991 | D:5      | Killed Ijyb
  6313 | D:6      | Found a basalt altar of Yredelemnul.
  6359 | D:6      | Reached skill level 5 in Charms
  6398 | D:6      | Noticed a two-headed ogre
  6426 | D:6      | Killed a two-headed ogre
  6426 | D:6      | Reached XP level 8. HP: 61/61 MP: 11/22
  6588 | D:6      | Reached skill level 6 in Conjurations
  6650 | D:6      | Noticed Eustachio
  6828 | D:6      | Killed Eustachio
  6828 | D:6      | Reached skill level 5 in Spellcasting
  7474 | D:6      | Found an ancient bone altar of Kikubaaqudgha.
  7474 | D:6      | Found a deep blue altar of Sif Muna.
  7612 | D:6      | Gained mutation: You tend to lose your temper in combat. [potion of mutation]
  7612 | D:6      | Gained mutation: Scrolls take you a little longer to read. [potion of mutation]
  7612 | D:6      | Gained mutation: You are partially covered in icy blue scales (AC +1). [potion of mutation]
  7644 | D:7      | Noticed Blork the orc
  7650 | D:7      | Killed Blork the orc
  7690 | D:7      | Found a staircase to the Ecumenical Temple.
  7809 | D:7      | Noticed Crazy Yiuf
  7813 | D:7      | Killed Crazy Yiuf
  8071 | D:7      | Identified Vehumet's Collected Works on Attacks and Feathers
  8259 | D:7      | Found a shimmering altar of Xom.
  8713 | D:7      | Found a stormy altar of Qazlal.
  8995 | D:7      | Reached skill level 7 in Conjurations
  9177 | D:8      | Noticed a cyan ugly thing
  9185 | D:8      | Found a sand-covered staircase.
  9239 | Ossuary  | Entered an ossuary
  9687 | Ossuary  | Reached XP level 9. HP: 49/68 MP: 6/24
 10698 | D:8      | Got a pair of scorched gloves
 10709 | D:8      | Identified the +0 pair of gloves of the Echidna {rN+ Dex-5 Slay+6 SInv} (You found it on level 8 of the Dungeon)
 11396 | D:8      | Reached skill level 1 in Staves
 11489 | D:9      | Reached skill level 8 in Conjurations
 11646 | D:9      | Learned a level 3 spell: Mephitic Cloud
 12076 | D:9      | Noticed a hill giant
 12080 | D:9      | Killed a hill giant
 12717 | D:9      | Reached XP level 10. HP: 75/77 MP: 27/27
 12775 | D:10     | Entered Level 10 of the Dungeon
 12781 | D:10     | Reached skill level 9 in Conjurations
 12781 | D:10     | Reached skill level 1 in Air Magic
 13208 | D:10     | Found a blossoming altar of Fedhas.
 13220 | D:10     | Noticed an oklob plant
 14604 | D:10     | Reached skill level 10 in Conjurations
 14615 | D:10     | Learned a level 5 spell: Lightning Bolt
 15353 | D:10     | Learned a level 2 spell: Repel Missiles
 15432 | D:11     | Found a labyrinth entrance.
 15438 | Lab      | Entered a labyrinth
 16638 | Lab      | Noticed a minotaur
 16644 | Lab      | Killed a minotaur
 16652 | Lab      | Identified a +4 rod of ignition (10/10) (You found it in a labyrinth)
 16666 | Lab      | Identified a scroll of acquirement
 16890 | D:11     | Reached XP level 11. HP: 68/82 MP: 8/29
 17005 | D:11     | Found a staircase to the Lair.
 17104 | D:11     | Reached skill level 1 in Evocations
 17831 | Lair:1   | Entered Level 1 of the Lair of Beasts
 18031 | Lair:1   | Found a snail-covered altar of Cheibriados.
 19457 | Lair:2   | Reached skill level 5 in Air Magic
 19693 | Lair:2   | Learned a level 3 spell: Regeneration
 19726 | Lair:2   | Found a frozen archway.
 19736 | Lair:2   | Reached skill level 5 in Dodging
 19783 | IceCv    | Entered an ice cave
 20092 | Lair:2   | Reached skill level 1 in Necromancy
 20780 | Lair:2   | Learned a level 1 spell: Shock
 20821 | Lair:3   | Noticed a death yak
 20833 | Lair:3   | Killed a death yak
 20833 | Lair:3   | Reached skill level 11 in Conjurations
 21608 | Lair:3   | Noticed a death yak
 21612 | Lair:3   | Noticed a death yak
 21613 | Lair:3   | Noticed a death yak
 21614 | Lair:3   | Noticed a death yak
 21674 | Lair:2   | Reached XP level 12. HP: 89/89 MP: 3/31
 22220 | Lair:3   | Reached skill level 5 in Evocations
 22368 | Lair:3   | Noticed a four-headed hydra
 22372 | Lair:3   | Killed a four-headed hydra
 22999 | Lair:3   | Killed a death yak
 23160 | Lair:2   | Noticed a seven-headed hydra
 23163 | Lair:2   | Killed a seven-headed hydra
 23545 | Lair:4   | Noticed a six-headed hydra
 23550 | Lair:4   | Killed a six-headed hydra
 23553 | Lair:4   | Found a snail-covered altar of Cheibriados.
 23924 | Lair:4   | Found a staircase to the Snake Pit.
 24253 | Lair:4   | Reached skill level 5 in Staves
 26056 | Lair:5   | Noticed a five-headed hydra
 26079 | Lair:5   | Noticed Rupert
 26284 | Lair:5   | Found a shadowy altar of Dithmenos.
 26542 | Lair:5   | Noticed a six-headed hydra
 26550 | Lair:5   | Killed a six-headed hydra
 26550 | Lair:5   | Reached XP level 13. HP: 94/94 MP: 15/32
 26922 | Lair:5   | Noticed a six-headed hydra
 26927 | Lair:5   | Killed a six-headed hydra
 27833 | Lair:5   | Reached skill level 12 in Conjurations
 28128 | Lair:6   | Found a runed door.
 28234 | Lair:6   | Found a staircase to the Slime Pits.
 28531 | Lair:6   | Found a staircase to the Swamp.
 29612 | Lair:5   | Killed a five-headed hydra
 31249 | Lair:7   | Upgraded the game from 0.16-a0-3913-g9d9d7ce to 0.16-a0-3926-g4728e1c
 31899 | Lair:7   | Reached skill level 10 in Spellcasting
 32620 | Lair:7   | Lost mutation: You tend to lose your temper in combat. [potion of cure mutation]
 32620 | Lair:7   | Lost mutation: Scrolls take you a little longer to read. [potion of cure mutation]
 32620 | Lair:7   | Lost mutation: You are partially covered in icy blue scales (AC +1). [potion of cure mutation]
 34287 | Lair:7   | Reached XP level 14. HP: 103/103 MP: 8/34
 34635 | Lair:8   | Entered Level 8 of the Lair of Beasts
 34836 | Lair:8   | Noticed Maud
 34845 | Lair:8   | Killed Maud
 35728 | Lair:8   | Noticed Harold
 35757 | Lair:8   | Slain by a black mamba

Action                   |  1- 3 |  4- 6 |  7- 9 | 10-12 | 13-15 || total
-------------------------+-------+-------+-------+-------+-------++-------
Melee: Hand axe          |    44 |    35 |       |       |       ||    79
       Unarmed           |     5 |       |       |       |       ||     5
       Mace              |       |    42 |    62 |       |       ||   104
       Quarterstaff      |       |       |   260 |   545 |   340 ||  1145
 Fire: Blowgun           |       |     4 |       |       |       ||     4
Throw: Throwing net      |       |       |       |       |     1 ||     1
 Cast: Magic Dart        |    46 |   144 |   133 |   146 |       ||   469
       Searing Ray       |     1 |     8 |    19 |     3 |       ||    31
       Iskenderun's Myst |       |       |    51 |   199 |   172 ||   422
       Iskenderun's Batt |       |       |     1 |    42 |    23 ||    66
       Mephitic Cloud    |       |       |     1 |     9 |       ||    10
       Repel Missiles    |       |       |       |     1 |       ||     1
       Shock             |       |       |       |   132 |   179 ||   311
       Lightning Bolt    |       |       |       |    14 |    35 ||    49
       Regeneration      |       |       |       |     1 |     1 ||     2
Evoke: Wand              |       |       |     7 |     3 |     4 ||    14
       Rod               |       |       |       |     1 |       ||     1
       Crystal ball of e |       |       |       |       |     1 ||     1
  Use: Potion            |       |     1 |    16 |     2 |     2 ||    21
       Scroll            |       |     5 |    15 |    13 |     9 ||    42
 Stab: Sleeping          |     1 |     1 |     1 |     1 |       ||     4
       Confused          |       |       |       |     4 |       ||     4
  Eat: Chunk             |     2 |    12 |    14 |    48 |    26 ||   102
       Beef jerky        |       |       |     8 |     3 |     2 ||    13
       Meat ration       |       |       |     1 |       |       ||     1
       Bread ration      |       |       |       |     2 |       ||     2
       Fruit             |       |       |       |     6 |    11 ||    17
       Pizza             |       |       |       |     1 |       ||     1
